 Dungeon Crawl Stone Soup version 0.22-a0-40-g3d2f077def (webtiles) character file.

581 NixNut the Chucker (level 7, -2/68 HPs)
             Began as a Troll Arcane Marksman on Jan 5, 2018.
             Slain by Duvessa
             ... wielding a +0 short sword
              (14 damage)
             ... on level 5 of the Dungeon.
             The game lasted 00:13:33 (3277 turns).

NixNut the Chucker (Troll Arcane Marksman)          Turns: 3277, Time: 00:13:33

Health: -2/68      AC:  5    Str: 21    XL:     7   Next: 13%
Magic:  7/7        EV: 13    Int:  9    God:
Gold:   86         SH:  0    Dex: 10    Spells: 7/8 levels left

rFire    . . .     SeeInvis .     - Unarmed
rCold    . . .     Gourm    +   (no shield)
rNeg     . . .     Faith    .   a - +0 robe
rPois    .         Spirit   .   (helmet restricted)
rElec    .         Reflect  .   x - scarf {repulsion}
rCorr    .         Harm     .   (gloves unavailable)
MR       .....                  (boots unavailable)
Stlth    +.........             (no amulet)
HPRegen  0.61/turn              e - +3 ring of evasion
MPRegen  0.10/turn              (no ring)

@: repel missiles
A: large, unfitting armour, claws 3, fast metabolism 3, gourmand, regeneration
1, shaggy fur 1, tough skin 2
a: no special abilities


You were on level 5 of the Dungeon.
You were very full.

You visited 1 branch of the dungeon, and saw 5 of its levels.
You also visited: Sewer.

You collected 86 gold pieces.

Inventory:

Missiles
 c - 3 large rocks (quivered)
 i - 44 arrows
 w - 20 poisoned needles
Armour
 a - a +0 robe (worn)
 k - a +0 cloak
 x - a scarf of repulsion (worn)
Jewellery
 e - a +3 ring of evasion (left claw)
Wands
 n - a wand of flame (23)
Scrolls
 g - 5 scrolls of teleportation
 j - a scroll of magic mapping {unknown}
 l - 7 scrolls of identify
 o - 3 scrolls of blinking {unknown}
 p - a scroll of amnesia {unknown}
 r - a scroll of remove curse
 t - a scroll of enchant weapon {unknown}
 v - a scroll of immolation {unknown}
 y - a scroll of fear {unknown}
 z - a scroll of enchant armour {unknown}
Potions
 h - 6 potions of curing {unknown}
 m - a potion of heal wounds {unknown}
 q - a potion of cancellation {unknown}
 s - a potion of flight {unknown}
 u - 2 potions of brilliance {unknown}
 A - a potion of magic {unknown}
Books
 b - a book of Debilitation

   Spells                             Type                      Level
   a - Corona                         Hexes                        1
   b - Slow                           Hexes                        2
   c - Inner Flame                    Hexes/Fire                   3
   d - Portal Projectile              Hexes/Translocation          3
   e - Cause Fear                     Hexes                        4
   f - Leda's Liquefaction            Hexes/Earth                  4
Comestibles
 f - 11 rations


   Skills:
 + Level 3.7 Fighting
 + Level 4.4 Throwing
 - Level 1.5 Dodging
 + Level 4.0 Unarmed Combat
 - Level 1.0 Spellcasting
 - Level 2.0 Hexes


You had 7 spell levels left.
You knew the following spells:

 Your Spells              Type           Power        Failure   Level  Hunger
a - Corona                Hex            #......      16%         1    ##.....


Dungeon Overview and Level Annotations

Branches:
Dungeon (5/15)
 Temple: D:4-7

Altars:
Ashenzari
Cheibriados
Xom

Shops:
D:5 [

Annotations:
D:5 Duvessa


Innate Abilities, Weirdness & Mutations

You are too large for most types of armour.
You have claws for hands.
Your metabolism is lightning-fast.
You like to eat raw meat.
Your natural rate of healing is unusually fast.
You are covered in fur. (AC +1)
You have very tough skin. (AC +2)


Message History

Duvessa hits you with a short sword! The worker ant bites you.
The worker ant waves its antennae.
The phantom closely misses you. Duvessa hits you with a short sword.
The phantom blinks!
The worker ant barely misses you. Duvessa barely misses you.
Duvessa hits you with a short sword!
You claw Duvessa!
Duvessa is lightly wounded.
Duvessa completely misses you.
You scratch Duvessa but do no damage.
Duvessa is lightly wounded.
Duvessa closely misses you. Duvessa hits you with a short sword!
* * * LOW HITPOINT WARNING * * *
You closely miss Duvessa.
Duvessa is lightly wounded.
Duvessa misses you.
You scratch Duvessa.
Duvessa is lightly wounded.
Duvessa misses you. Duvessa hits you with a short sword!
You die...

#....<....# #.......#
#.######### #.......#
..# #####.#####.# ...##
###............
#...####...#.....####.
.# #...................
...###......##..........
.#........####..........
.......@### #.....>.....
......#e### #...........
####...a..###...........
#.###................ #
###W..............
#.ยง....[..###...##
#..#)..#.####.....
....##......# .....
..... .........


You could see a phantom, Duvessa (berserk) and a worker ant.

Vanquished Creatures
  2 bullfrogs (Sewer)
  Dowan (D:5)
  A howler monkey (D:4)
  A hound (D:5)
  An orc priest (D:3)
  An orc wizard (D:4)
  Terence (D:2)
  2 worker ants (D:4)
  A hound skeleton (D:4)
  3 adders
  3 gnolls (D:2)
  A river rat (D:3)
  An ooze (D:1)
  An adder skeleton (D:4)
  2 dart slugs
  3 worms
  6 leopard geckos
  7 orcs
  7 ball pythons
  8 giant cockroaches
  8 goblins
  8 hobgoblins
  8 jackals (D:1)
  5 quokkas
  3 bats
  9 frilled lizards
  8 kobolds
  A quokka zombie (D:5)
  10 rats
113 creatures vanquished.

Notes
Turn   | Place    | Note
-------+----------+-------------------------------------------
     0 | D:1      | NixNut the Troll Arcane Marksman began the quest for the Orb.
     0 | D:1      | Reached XP level 1. HP: 18/18 MP: 1/1
    31 | D:1      | Reached skill level 1 in Fighting
   159 | D:1      | Reached XP level 2. HP: 27/27 MP: 2/2
   330 | D:1      | Reached XP level 3. HP: 35/35 MP: 3/3
   583 | D:2      | Noticed Terence
   593 | D:2      | Killed Terence
   593 | D:2      | Reached skill level 1 in Unarmed Combat
   693 | D:2      | Reached XP level 4. HP: 42/42 MP: 4/4
   977 | D:2      | Found a snail-covered altar of Cheibriados.
  1006 | D:2      | Found a shattered altar of Ashenzari.
  1034 | D:2      | You fall through a shaft for 2 floors!
  1041 | D:4      | Reached XP level 5. HP: 43/50 MP: 5/5
  1964 | D:3      | Reached XP level 6. HP: 61/61 MP: 6/6
  2133 | D:3      | Found a faded altar of an unknown god.
  2540 | D:3      | Found a glowing drain.
  2545 | Sewer    | Entered a sewer
  3143 | D:5      | Entered Level 5 of the Dungeon
  3171 | D:5      | Found a shimmering altar of Xom.
  3174 | D:5      | Found Soptanul's Armour Boutique.
  3214 | D:5      | Reached XP level 7. HP: 67/67 MP: 7/7
  3257 | D:5      | Noticed Dowan
  3259 | D:5      | Noticed Duvessa
  3267 | D:5      | Killed Dowan
  3277 | D:5      | Slain by Duvessa

Vault maps used:
D:1:      nicolae_arrival_washed_ashore
D:2:      overflow_temple_1_default, first_ration, kennysheep_slug_shrine,
          uniq_terence
D:3:      chequers_ecumenical_altar_simple, gup_sewer_entry_spiral
D:4:      dk_noncrumbling_4
D:5:      kennysheep_mini, minmay_temple_entry_fiery, serial_shops, shop,
          uniq_duvessa, uniq_grinder
Sewer:    sewer_frog_island_01

Skill      XL: |  1  2  3  4  5  6  7 |
---------------+----------------------+-----
Fighting       | 1 2 3 |  3.7
Throwing       | 2 3 4 |  4.4
Unarmed Combat | 1 2 3 4 |  4.0
Dodging        | |  1.5
Spellcasting   | |  1.0
Hexes          | |  2.0

Action                   |  1- 3 |  4- 6 |  7- 9 || total
-------------------------+-------+-------+-------++-------
Melee: Unarmed           |    90 |   229 |    10 ||   329
       Punch             |       |     7 |       ||     7
       Blowgun           |       |     3 |       ||     3
 Fire: Blowgun           |       |    22 |       ||    22
Throw: Large rock        |     9 |     7 |       ||    16
       Throwing net      |     1 |       |     2 ||     3
  Use: Scroll            |       |     2 |       ||     2
 Stab: Sleeping          |     1 |     3 |       ||     4
       Held in net/web   |       |       |     2 ||     2
  Eat: Chunk             |    12 |    22 |     1 ||    35
Armor: Robe              |    24 |    73 |     3 ||   100
Dodge: Dodged            |    71 |   179 |    13 ||   263
       Deflected         |       |       |     1 ||     1

Table legend:
 A = Spawn XP
 B = Non-spawn XP
 C = Spawn XP percentage of total XP
 D = Spawn monster count
 E = Non-spawn monster count
 F = Spawn count percentage of total count
 G = Total turns spent on level
                    A         B        C        D         E        F      G
               +---------+---------+-------+---------+---------+-------+---------
         Total |       0 |     830 |   0.0 |       0 |     113 |   0.0 |  3277
               +---------+---------+-------+---------+---------+-------+---------
           D:1 |       0 |      47 |   0.0 |       0 |      26 |   0.0 |   489
           D:2 |       0 |     108 |   0.0 |       0 |      21 |   0.0 |   545
           D:3 |       0 |     125 |   0.0 |       0 |      31 |   0.0 |   801
           D:4 |       0 |     216 |   0.0 |       0 |      14 |   0.0 |   947
           D:5 |       0 |     122 |   0.0 |       0 |       6 |   0.0 |   134
         Sewer |       0 |     212 |   0.0 |       0 |      15 |   0.0 |   361
               +---------+---------+-------+---------+---------+-------+---------
